cohdb
Replays
Latest Replays
All Replays
Popular Replays
Top Player Replays
Match Explorer
How It Works
Community
CoH3 Stats
Reddit
Sign in to upload your games and track your stats! →
Sign in with Steam
Match 43595716
Unlisted
Match 43595716
Overview
Messages
Build Orders
End
Kradschützen Motorcycle Team
Selects Battlefield Espionage Battlegroup
Panzergrenadier Squad
Panzergrenadier Squad
Panzergrenadier Squad
Selects Intel Disruption Beacon
Panzergrenadier Squad
Construct Light Support Kompanie
Panzerjäger Mechanized Group
Construct Mechanized Kompanie
Selects Plunder
8 Rad Armored Car
Selects 250/3 Funkpanzerwagen
Panzerjäger Squad
Panzergrenadier Squad
2.5-tonne Medical Truck
♥ ~Lady Rytsu~ ♥
Monsieur Nathan
RtN.momo4sho
TechBee
0
0
Comments
sign in to comment!
No comments posted yet!